 Dungeon Crawl Stone Soup version 0.30.0-5-g1a98f26d00 (webtiles) character file.

Game seed: 11357003791329533837

116 sympbizkit the Chopper (level 4, -1/44 HPs)
             Began as a Troll Berserker on May 12, 2023.
             Was a Believer of Trog.
             Slain by a gnoll
             ... wielding a +1 spear of flaming
              (5 damage)
             ... on level 3 of the Dungeon.
             The game lasted 00:20:07 (2923 turns).

sympbizkit the Chopper (Troll Berserker)            Turns: 2923, Time: 00:20:07

Health: -1/44      AC:  4    Str: 27    XL:     4   Next: 70%
Magic:  0/3        EV: 10    Int:  3    God:    Trog [**....]
Gold:   215        SH:  0    Dex:  9    Spells: 3/3 levels left

rFire   . . .        g - +0 dagger
rCold   . . .        (no shield)
rNeg    . . .        b - +0 animal skin
rPois   .            (helmet restricted)
rElec   .            (no cloak)
rCorr   .            (gloves unavailable)
SInv    .            (boots unavailable)
Will    .....        p - amulet of guardian spirit
Stlth   +            (no ring)
HPRegen 1.07/turn    (no ring)
MPRegen 0.08/turn

%: guardian spirit
@: attractive
A: large, unfitting armour, claws 3, regeneration 1, shaggy fur 1, tough skin 1
a: Renounce Religion, Berserk, Trog's Hand


You were on level 3 of the Dungeon.
You worshipped Trog.
Trog was pleased with you.
You visited 1 branch of the dungeon, and saw 3 of its levels.

You collected 215 gold pieces.

Inventory:

Hand Weapons
 a - a +0 hand axe
 f - a +0 dagger
 g - a +0 dagger (weapon)
 i - a +0 whip
 j - a +0 dagger
 k - a +0 dagger
 q - a +0 dagger
 w - a +0 dagger
 D - a +0 dagger
 F - a +0 dagger
 H - a +0 dagger
 J - a +0 spear
 K - a +0 trident
 M - a +0 hand axe
Missiles
 t - 40 stones
 B - a poisoned dart
 E - 6 boomerangs
Armour
 b - a +0 animal skin (worn)
 r - a +0 leather armour
 s - a +0 leather armour
 x - a +0 ring mail
 C - a +0 scale mail
 G - a +0 leather armour
 I - a +1 hat
 L - a +0 leather armour
Jewellery
 p - an amulet of guardian spirit (around neck)
 y - a ring of protection from cold
Wands
 A - a wand of paralysis (3)
Scrolls
 h - 2 scrolls of identify {unknown}
 n - a scroll of acquirement {unknown}
 o - 3 scrolls of enchant weapon {unknown}
 u - a scroll of amnesia {unknown}
 v - a scroll of blinking {unknown}
 z - 2 scrolls of fog {unknown}
Potions
 c - 4 potions of curing {unknown}
 d - a potion of attraction (quivered)
 e - a potion of lignification {unknown}
 l - a potion of haste {unknown}
 m - a potion of heal wounds {unknown}


   Skills:
 + Level 2.9 Fighting
 + Level 3.2(3.3) Axes
 + Level 1.2(2.5) Maces & Flails
 + Level 0.1 Throwing
 + Level 3.2 Dodging
 + Level 0.1 Stealth


You had 3 spell levels left.
You didn't know any spells.
Your spell library was empty.

Dungeon Overview and Level Annotations

Branches:
Dungeon (3/15)

Altars:
Trog
Uskayaw
Yredelemnul


Innate Abilities, Weirdness & Mutations

You are too large for most types of armour.
You have claws for hands.
Your natural rate of healing is unusually fast.
You are covered in fur. (AC +1)
You have tough skin. (AC +1)


Message History

The gnoll barely misses you. x2; The gnoll hits you with a +0 club.
You hit the gnoll.
The gnoll is lightly wounded.
The gnoll barely misses you. The gnoll closely misses you.
The gnoll hits you but does no damage.
You hit the gnoll but do no damage.
The gnoll is lightly wounded.
The gnoll hits you from afar with a +1 spear of flaming.
The gnoll burns you. The gnoll barely misses you. x2
You hit the gnoll.
The gnoll is moderately wounded.
The gnoll hits you from afar with a +1 spear of flaming.
The gnoll burns you.
The gnoll hits you with a +0 flail of protection!
* * * LOW HITPOINT WARNING * * *
The gnoll hits you with a +0 club.
* * * LOW HITPOINT WARNING * * *
It was a potion of attraction.
You feel attractive to monsters. The gnoll closely misses you.
The gnoll hits you with a +0 flail of protection.
* * * LOW HITPOINT WARNING * * *
The gnoll hits you with a +0 club.
* * * LOW HITPOINT WARNING * * *
You are too injured to fight recklessly!
Unknown command.
You are too injured to fight recklessly!
This armour is too small for you!
Unknown command.
The gnoll hits you but does no damage.
Keep equipping yourself? [Y]es or [N]o only, please.
Keep equipping yourself?
Uppercase [Y]es or [N]o only, please.
Keep equipping yourself?
The gnoll barely misses you. The gnoll hits you with a +0 club.
* * * LOW HITPOINT WARNING * * *
You start putting on your armour.
You continue putting on your +1 hat.
The gnoll hits you from afar with a +1 spear of flaming.
You die...

## ### #. ..# #. #.#
#.####g#####.######.
......gg@##.........
#.##....g...........
#.#.#............ #
#.#............
#..............
#.#####..#.......
#........#.......
########'######.#
##...## #


You could see 4 gnolls.

Vanquished Creatures
  Ijyb (D:3)
  2 adders (D:2)
  A worm (D:3)
  2 orcs (D:3)
  7 ball pythons
  5 bats
  6 endoplasms
  2 giant cockroaches
  7 goblins
  7 hobgoblins
  3 jackals (D:2)
  2 quokkas
  6 frilled lizards
  4 kobolds
  9 rats
64 creatures vanquished.

Notes
Turn   | Place    | Note
-------+----------+-------------------------------------------
     0 | D:1      | sympbizkit the Troll Berserker began the quest for the Orb.
     0 | D:1      | Reached XP level 1. HP: 22/22 MP: 0/0
     6 | D:1      | Noticed a water moccasin
     6 | D:1      | Noticed a scorpion
     7 | D:1      | Noticed a swamp drake
     7 | D:1      | Noticed a black bear
   178 | D:1      | Reached XP level 2. HP: 29/29 MP: 1/1
   750 | D:1      | Reached ** piety under Trog
  1033 | D:2      | Reached XP level 3. HP: 34/36 MP: 2/2
  1626 | D:2      | Reached XP level 4. HP: 44/44 MP: 3/3
  1684 | D:2      | Found a basalt altar of Yredelemnul.
  1992 | D:3      | Noticed Ijyb
  1994 | D:3      | Paralysed by Ijyb for 4 turns
  2001 | D:3      | Paralysed by Ijyb for 4 turns
  2007 | D:3      | Paralysed by Ijyb for 2 turns
  2033 | D:3      | Killed Ijyb
  2034 | D:3      | Reached skill level 1 in Maces & Flails
  2194 | D:3      | Found a hide-covered altar of Uskayaw.
  2736 | D:3      | Found a bloodstained altar of Trog.
  2923 | D:3      | Slain by a gnoll

Illustrated notes

Levels and vault maps discovered:
D:1:      onia_arrival_zoo_common, layout_loops_ring
D:2:      layout_loops_ring, basic_altar
D:3:      layout_loops_corners, overflow_temple_1_default,
          mainiacjoe_overflow_catwalk, uniq_ijyb

Skill      XL: |  1  2  3  4 |
---------------+-------------+-----
Axes           | 3 |  3.2
Dodging        | 3 |  3.2
Maces & Flails | 1 |  1.2
Fighting       | |  2.9
Throwing       | |  0.1
Stealth        | |  0.1

Action                     |  1- 3 |  4- 6 || total
---------------------------+-------+-------++-------
  Melee: Hand axe          |    51 |       ||    51
         Whip              |    98 |    45 ||   143
         Punch             |     1 |     4 ||     5
         Dagger            |       |   161 ||   161
  Throw: Dart              |     7 |     1 ||     8
    Use: Potion            |       |     1 ||     1
 Armour: Animal skin       |    79 |    66 ||   145
  Dodge: Dodged            |   106 |   102 ||   208
